 Dungeon Crawl Stone Soup version 0.22-a0-580-gd5db89c (webtiles) character file.

34239 Amnesiac the Sharpshooter (level 13, -3/65 HPs)
             Began as a Spriggan Wanderer on July 3, 2018.
             Was the Champion of Okawaru.
             Shot with an arrow by Nessos (9 damage)
             ... on level 13 of the Dungeon.
             The game lasted 00:33:10 (18852 turns).

Amnesiac the Sharpshooter (Spriggan Wanderer)      Turns: 18852, Time: 00:33:10

Health: -3/65      AC: 22    Str: 13    XL:     13   Next: 41%
Magic:  0/18       EV: 20    Int: 15    God:    Okawaru [******]
Gold:   1776       SH:  0    Dex: 19    Spells: 12/12 levels left

rFire    . . .     SeeInvis +   a - +11 arbalest
rCold    . . .     Gourm    .   (shield currently unavailable)
rNeg     . . .     Faith    .   v - +3 storm dragon scales
rPois    .         Spirit   +   (helmet restricted)
rElec    +         Reflect  .   C - +2 cloak
rCorr    .         Harm     .   (gloves unavailable)
MR       ++...                  (boots unavailable)
Stlth    ..........             t - amulet of guardian spirit
HPRegen  0.20/turn              B - ring "Bokhli" {Wiz Dex+2}
MPRegen  0.16/turn              S - +3 ring of dexterity

@: lethally poisoned (-3 -> -34), heroism, very quick
A: very small, unfitting armour, see invisible, herbivore, speed 3, low mp 1,
slow metabolism 2
a: Heroism, Finesse, Renounce Religion


You were on level 13 of the Dungeon.
You worshipped Okawaru.
Okawaru was exalted by your worship.
You were not hungry.

You visited 3 branches of the dungeon, and saw 16 of its levels.
You also visited: Ossuary.

You collected 1776 gold pieces.

Inventory:

Hand Weapons
 a - a +11 arbalest (weapon)
 b - a +0 mace of draining
 w - a +0 blowgun
 P - a +0 quarterstaff
Missiles
 G - 5 curare-tipped needles
 N - 27 bolts (quivered)
Armour
 v - +3 storm dragon scales (worn)
 C - a +2 cloak (worn)
Jewellery
 c - an uncursed ring of positive energy {unknown}
 t - an amulet of guardian spirit (around neck)
 B - the ring "Bokhli" (left hand) {Wiz Dex+2}
   (You found it on level 5 of the Dungeon)

   [ring of wizardry]

   It improves your spell success rate.
   It affects your dexterity (+2).
 S - a +3 ring of dexterity (right hand)
Wands
 g - a wand of paralysis (13)
 j - a wand of polymorph (19)
 l - a wand of flame (65)
 x - a wand of disintegration (4)
 z - a wand of enslavement (29)
 K - a wand of random effects (58)
 L - a wand of digging (24)
 T - a wand of iceblast (5)
Scrolls
 e - 9 scrolls of teleportation {!r}
 h - 4 scrolls of fog {!r}
 k - 4 scrolls of fear {!r}
 r - 13 scrolls of remove curse {!r}
 u - a scroll of blinking {!r}
 y - 8 scrolls of enchant weapon {!r}
 A - a scroll of magic mapping {!r}
 E - a scroll of amnesia {!r}
 F - 6 scrolls of identify {!r}
 H - a scroll of enchant armour {!r}
 R - a scroll of holy word {!r, unknown}
Potions
 i - 5 potions of haste {!q}
 m - 5 potions of curing {!q}
 n - 4 potions of flight {!q}
 p - 2 potions of resistance {!q}
 q - a potion of mutation {!q, unknown}
 s - a potion of lignification {!q}
 D - 2 potions of brilliance {!q}
 J - 2 potions of ambrosia {!q}
 M - 2 potions of degeneration {!q, unknown}
 U - a potion of heal wounds {!q}
Miscellaneous
 I - a lamp of fire
Comestibles
 f - 23 rations


   Skills:
 - Level 5.8(10.8) Fighting
   Level 1.0(6.0) Axes
 + Level 15.7(20.7) Crossbows
 - Level 7.7(12.7) Armour
 - Level 9.0(14.0) Dodging
   Level 1.0(6.0) Shields
 - Level 8.0 Invocations
 - Level 8.0 Evocations


You had 12 spell levels left.
You didn't know any spells.
Your spell library was empty.

Dungeon Overview and Level Annotations

Branches:
Dungeon (13/15)            Temple (1/1) D:4            Lair (0/6) D:11
    Orc (2/2) D:11            Elf (0/3) Orc:2        Vaults (0/5) D:13

Altars:
Ashenzari
Cheibriados
Dithmenos
Elyvilon
Fedhas
Gozag
Hepliaklqana
Kikubaaqudgha
Makhleb
Nemelex Xobeh
Okawaru
Qazlal
Ru
Sif Muna
Trog
Uskayaw
Vehumet
Wu Jian
Xom
Yredelemnul
Zin
The Shining One
Beogh

Shops:
D:5 [   Orc:2 :(:[

Annotations:
D:11 Donald
D:13 Nessos


Innate Abilities, Weirdness & Mutations

You are very small and have problems with some larger weapons.
You are too small for most types of armour.
You have supernaturally acute eyesight. (SInv)
You are a herbivore.
You cover ground extremely quickly.
You need to consume almost no food.
Your magical capacity is low. (-10% MP)


Message History

That would be overly suicidal.
Okay, then.
A slime creature comes into view.
A slime creature is nearby!
A slime creature is nearby!
A slime creature is nearby!
Firing (i - inventory)
N - 34 bolts (quivered)
Press: ? - help, Shift-Dir - straight line, f - slime creature
Aim: a slime creature You shoot a bolt.
The bolt hits the slime creature!
The slime creature is lightly wounded.
Firing (i - inventory)
N - 33 bolts (quivered)
Press: ? - help, Shift-Dir - straight line, f/p - slime creature
Aim: a slime creature (lightly wounded)
You shoot a bolt. The bolt hits the slime creature.
The slime creature is lightly wounded.
The slime creature hits you but does no damage.
Firing (i - inventory)
N - 32 bolts (quivered)
Press: ? - help, Shift-Dir - straight line, f/p - slime creature
Aim: a slime creature (lightly wounded)
You shoot a bolt. The bolt hits the slime creature!
The slime creature is moderately wounded.
The slime creature hits you but does no damage.
Firing (i - inventory)
N - 31 bolts (quivered)
Press: ? - help, Shift-Dir - straight line, f/p - slime creature
Aim: a slime creature (moderately wounded)
You shoot a bolt. The bolt hits the slime creature.
The slime creature is moderately wounded.
The slime creature completely misses you.
Firing (i - inventory)
N - 30 bolts (quivered)
Press: ? - help, Shift-Dir - straight line, f/p - slime creature
Aim: a slime creature (moderately wounded)
You shoot a bolt. The bolt hits the slime creature!
The slime creature is heavily wounded.
The slime creature hits you but does no damage.
A killer bee comes into view.
Firing (i - inventory)
N - 29 bolts (quivered)
Press: ? - help, Shift-Dir - straight line, f/p - slime creature
Aim: a slime creature (heavily wounded)
You shoot a bolt. The killer bee buzzes angrily.
The bolt hits the slime creature!!
The slime creature is almost dead.
Nessos pounds the earth with his hooves.
The slime creature barely misses you.
A slime creature comes into view.
Nessos shoots an arrow.
The arrow hits you! The arrow burns you.
Firing (i - inventory)
N - 28 bolts (quivered)
Press: ? - help, Shift-Dir - straight line, f/p - slime creature
Aim: a slime creature (almost dead)
You shoot a bolt. The bolt hits the slime creature.
You kill the slime creature!
Okawaru accepts your kill. Something appears at your feet!
Okawaru grants you ammunition!
Nessos shoots an arrow.
The arrow hits you!! The arrow burns you!
You are poisoned.
* * * LOW HITPOINT WARNING * * *
You gain the combat prowess of a mighty hero.
You feel sick.
Nessos shoots an arrow.
The arrow hits you!!
* * * LOW HITPOINT WARNING * * *
The arrow burns you!
You are more poisoned.
You die...

#########.#
#.....<∩.
#.#
#.....><.
#.#
#........
#.#
#...)....
#.#
#........
#.#
#........
#.#
#.......###
##(##
#.#####.#
##.##.@.##
#. #.#
..(.yc((..#
. #.#
###.##.J(##
## .# #
#.(## .....
###..# ...#
##... ...


You could see Nessos, a slime creature and a killer bee.

Vanquished Creatures
  4 two-headed ogres
  3 orc high priests (Orc:2)
  Urug (D:13)
  A flayed ghost (D:13)
  2 unseen horrors (D:12)
  7 orc knights (Orc:2)
  6 orc sorcerers
  A manticore (D:11)
  2 cyclopes (D:10)
  An ugly thing (D:10)
  The ghost of ThereIsNoGod the Conjurer, a novice HuCj of Ru (D:5)
  Maurice (D:11)
  2 gargoyles
  A kobold demonologist (D:12)
  6 trolls
  Grinder (D:3)
  10 slime creatures (D:13)
  2 hippogriffs
  2 wraiths (D:12)
  A shadow (D:11)
  13 yaks
  15 humans
  2 hungry ghosts
  Menkaure (D:5)
  Duvessa (D:6)
  7 wargs
  3 sky beasts
  3 ice beasts
  4 phantoms
  27 orc warriors
  A necrophage (D:10)
  An eye of draining (D:10)
  3 black bears
  13 ogres
  2 big kobolds
  A crocodile (D:9)
  7 bullfrogs
  2 gnoll sergeants
  Dowan (D:6)
  2 scorpions (D:6)
  8 killer bees
  A howler monkey (D:11)
  5 crimson imps
  2 quasits
  4 jellies
  5 bullfrog skeletons
  7 hounds
  13 orc priests
  33 orc wizards
  Crazy Yiuf (D:5)
  3 centaur skeletons
  Natasha (thrice) (D:4)
  2 iguanas
  9 worker ants
  A killer bee zombie (D:9)
  4 mummies (Ossuary)
  A hound skeleton (D:5)
  18 gnolls
  A howler monkey skeleton (D:8)
  15 adders
  5 shadow imps
  2 adder skeletons
  3 worms
  5 dart slugs
  6 leopard geckos
  95 orcs
  12 bats
  4 giant cockroaches
  2 gnoll zombies (Ossuary)
  4 goblins
  6 hobgoblins
  8 jackals
  7 quokkas
  2 ball pythons
  A ball python skeleton (D:4)
  7 frilled lizards
  4 gnoll skeletons (Ossuary)
  3 goblin skeletons (Ossuary)
  2 goblin zombies (Ossuary)
  4 hobgoblin skeletons (Ossuary)
  3 hobgoblin zombies (Ossuary)
  A jackal zombie (D:5)
  23 kobolds
  4 kobold skeletons (Ossuary)
  A kobold zombie (Ossuary)
  A leopard gecko skeleton (D:4)
  An orc skeleton (Ossuary)
  6 orc zombies (Ossuary)
  2 quokka skeletons
  10 rats
  4 rat skeletons (Ossuary)
  5 rat zombies (Ossuary)
543 creatures vanquished.

Vanquished Creatures (collateral kills)
  An orc high priest (Orc:2)
1 creature vanquished.

Vanquished Creatures (others)
  A yak (D:9)
  A goblin skeleton (Ossuary)
  2 goblin zombies (Ossuary)
  A hobgoblin skeleton (Ossuary)
  A kobold skeleton (Ossuary)
  A kobold zombie (Ossuary)
  An orc skeleton (Ossuary)
  An orc zombie (Ossuary)
  A rat skeleton (Ossuary)
  2 rat zombies (Ossuary)
12 creatures vanquished.

Grand Total: 556 creatures vanquished

Notes
Turn   | Place    | Note
-------+----------+-------------------------------------------
     0 | D:1      | Amnesiac the Spriggan Wanderer began the quest for the Orb.
     0 | D:1      | Amnesiac set off with: a +2 hand crossbow, 23 bolts, a +0 robe, a +0 hand axe, a ration
     0 | D:1      | Reached XP level 1. HP: 10/10 MP: 3/3
   131 | D:1      | Reached XP level 2. HP: 14/14 MP: 4/4
   556 | D:2      | Reached skill level 4 in Crossbows
   832 | D:2      | Reached XP level 3. HP: 16/18 MP: 5/5
   969 | D:2      | Found a basalt altar of Yredelemnul.
  1291 | D:2      | Reached XP level 4. HP: 22/22 MP: 6/6
  1639 | D:3      | Reached skill level 5 in Crossbows
  1725 | D:3      | Found a shattered altar of Ashenzari.
  1789 | D:3      | Noticed Grinder
  1809 | D:3      | Paralysed by Grinder for 7 turns
  1824 | D:3      | Paralysed by Grinder for 4 turns
  1828 | D:3      | Killed Grinder
  1828 | D:3      | Reached skill level 7 in Crossbows
  1828 | D:3      | Reached XP level 5. HP: 25/25 MP: 7/7
  1828 | D:3      | Reached XP level 6. HP: 30/30 MP: 8/8
  2142 | D:3      | Found a snail-covered altar of Cheibriados.
  2559 | D:4      | Found a staircase to the Ecumenical Temple.
  2629 | Temple   | Entered the Ecumenical Temple
  2691 | Temple   | Became a worshipper of Warmaster Okawaru
  2753 | D:4      | Reached skill level 8 in Crossbows
  2766 | D:4      | Reached XP level 7. HP: 24/33 MP: 9/9
  2857 | D:4      | Noticed Natasha
  2860 | D:4      | Killed Natasha
  3054 | D:4      | Found a glowing golden altar of the Shining One.
  3198 | D:4      | Reached skill level 9 in Crossbows
  3534 | D:4      | Noticed Natasha
  3535 | D:4      | Killed Natasha
  3673 | D:4      | Noticed Natasha
  3680 | D:4      | Killed Natasha
  3771 | D:5      | Entered Level 5 of the Dungeon
  3804 | D:4      | Reached * piety under Okawaru
  4037 | D:4      | Found a staircase to the Ecumenical Temple.
  4299 | D:5      | Noticed Menkaure
  4303 | D:5      | Killed Menkaure
  4303 | D:5      | Reached XP level 8. HP: 37/37 MP: 10/10
  4361 | D:5      | Reached skill level 10 in Crossbows
  4377 | D:5      | Reached skill level 1 in Invocations
  4621 | D:5      | Got a wavering lapis lazuli ring
  4646 | D:5      | Found Iby Fokk's Antique Armour Shop.
  4650 | D:5      | Identified the ring "Bokhli" {Wiz Dex+2} (You found it on level 5 of the Dungeon)
  4742 | D:5      | Found a runed door.
  4789 | D:5      | Found a runed door.
  4789 | D:5      | Noticed ThereIsNoGod's ghost (novice HuCj)
  5011 | D:5      | Noticed Crazy Yiuf
  5019 | D:5      | Killed Crazy Yiuf
  5300 | D:5      | Killed ThereIsNoGod's ghost
  5300 | D:5      | Reached ** piety under Okawaru
  5572 | D:6      | Reached XP level 9. HP: 34/41 MP: 11/15
  5604 | D:6      | Found a glowing golden altar of the Shining One.
  6032 | D:6      | Found an opulent altar of Gozag.
  6033 | D:6      | Found a shadowy altar of Dithmenos.
  6248 | D:6      | Noticed Duvessa
  6298 | D:6      | Noticed Dowan
  6307 | D:6      | Killed Duvessa
  6389 | D:6      | Killed Dowan
  6389 | D:6      | Reached *** piety under Okawaru
  6559 | D:6      | Reached skill level 5 in Evocations
  6693 | D:7      | Found a sand-covered staircase.
  6845 | D:7      | Received a gift from Okawaru
  6890 | Ossuary  | Entered an ossuary
  7671 | D:7      | Found an ancient bone altar of Kikubaaqudgha.
  7922 | D:8      | Found a sparkling altar of Nemelex Xobeh.
  8523 | D:8      | Found a bloodstained altar of Trog.
  8592 | D:8      | Noticed a two-headed ogre
  8602 | D:8      | Killed a two-headed ogre
  8602 | D:8      | Reached **** piety under Okawaru
  8602 | D:8      | Reached XP level 10. HP: 40/49 MP: 14/17
  8734 | D:8      | Found a shimmering altar of Xom.
  9374 | D:9      | Got a fine brass ring
  9700 | D:9      | Reached skill level 5 in Armour
  9709 | D:9      | Reached ***** piety under Okawaru
  9709 | D:9      | Reached skill level 5 in Dodging
  9974 | D:9      | You fall through a shaft!
  9974 | D:10     | Entered Level 10 of the Dungeon
  9975 | D:10     | Identified the ring of Erakibri {Ice *Contam rElec Int+9 Slay-3} (You found it on level 9 of the Dungeon)
  9982 | D:10     | Gained mutation: Your magical capacity is low. (-10% MP) [mutagenic glow]
 10110 | D:10     | Noticed a cyclops
 10423 | D:10     | Killed a cyclops
 10576 | D:10     | Noticed a two-headed ogre
 10605 | D:10     | Reached XP level 11. HP: 27/54 MP: 10/16
 10689 | D:10     | Killed a two-headed ogre
 10689 | D:10     | Received a gift from Okawaru
 10935 | D:10     | Found a runed door.
 11515 | D:10     | Found a roughly hewn altar of Beogh.
 11618 | D:11     | Reached skill level 5 in Fighting
 11696 | D:11     | Noticed Maurice
 11712 | D:11     | Killed Maurice
 11769 | D:11     | Noticed a white ugly thing
 11863 | D:10     | Killed a white ugly thing
 12053 | D:11     | Found a staircase to the Lair.
 12665 | D:11     | Received a gift from Okawaru
 12739 | D:11     | Noticed a two-headed ogre
 12753 | D:11     | Killed a two-headed ogre
 12753 | D:11     | Received a gift from Okawaru
 12971 | D:11     | Received a gift from Okawaru
 13113 | D:11     | Found a staircase to the Orcish Mines.
 13214 | Orc:1    | Entered Level 1 of the Orcish Mines
 13220 | Orc:1    | Reached ****** piety under Okawaru
 13220 | Orc:1    | Noticed an orc sorcerer
 13223 | Orc:1    | Paralysed by an orc sorcerer for 2 turns
 13226 | Orc:1    | Killed an orc sorcerer
 13530 | Orc:2    | Entered Level 2 of the Orcish Mines
 13531 | Orc:2    | Reached XP level 12. HP: 60/60 MP: 17/17
 13601 | Orc:2    | Noticed an orc high priest
 13790 | Orc:1    | Reached skill level 11 in Crossbows
 13883 | Orc:2    | Killed an orc high priest
 13998 | Orc:2    | Received a gift from Okawaru
 14356 | Orc:2    | Received a gift from Okawaru
 14356 | Orc:2    | Reached skill level 12 in Crossbows
 14358 | Orc:2    | Noticed an orc high priest
 14365 | Orc:2    | Killed an orc high priest
 14368 | Orc:2    | Got an opalescent robe {god gift}
 14401 | Orc:2    | Noticed an orc high priest
 14674 | Orc:2    | Found a staircase to the Elven Halls.
 14809 | Orc:2    | Killed an orc high priest
 14809 | Orc:2    | Reached skill level 13 in Crossbows
 15526 | Orc:2    | Noticed an orc high priest
 15536 | Orc:2    | Killed an orc high priest
 15898 | Orc:2    | Noticed Donald
 16364 | Orc:2    | Found Xiutokhli's Book Shoppe.
 16369 | Orc:2    | Found Ydihoax's Book Shop.
 16375 | Orc:2    | Found Cidaeci's Antique Armour Shop.
 16377 | Orc:2    | Found Cufij's Antique Weapon Shoppe.
 16759 | Orc:1    | Found a roughly hewn altar of Beogh.
 16786 | Orc:2    | Reached skill level 14 in Crossbows
 17751 | D:12     | Reached XP level 13. HP: 65/65 MP: 18/18
 18205 | D:13     | Found a gate to the Vaults.
 18205 | D:13     | Noticed Urug
 18205 | D:13     | Noticed Nessos
 18223 | D:12     | Received a gift from Okawaru
 18351 | D:13     | Reached skill level 15 in Crossbows
 18366 | D:13     | Killed Urug
 18851 | D:13     | Received a gift from Okawaru
 18852 | D:13     | Shot with an arrow by Nessos

Vault maps used:
D:1:      eino_arrival_water_cross
D:2:      overflow_temple_1_default, first_ration, kennysheep_generic_room_4
D:3:      kennysheep_slug_shrine, nicolae_ashenzari_panopticon, uniq_grinder
D:4:      tso_altar, minmay_temple_entry_statues_pillars, uniq_natasha
D:5:      serial_shops, nicolae_shop_statue_plus, ebering_ghost_inner_flame,
          uniq_menkaure, uniq_crazy_yiuf_cottage
D:6:      gammafunk_temple_overflow_pools, basic_altar,
          mumra_transporter_accident, lightli_orcish_oven, uniq_duvessa
D:7:      kennysheep_mini, chequers_ossuary_entry_cave, grunt_ogre_cave
D:8:      nemelex_xobeh_ov_fountains_minmay, xom_teletrap_fun, special_room,
          trog_ov_bears_minmay
D:10:     lightli_church_of_beogh
D:11:     erik_lair_orcish_takeover, orc_0_dummy, uniq_maurice
D:13:     david_vaults_3, serial_shops, shop_statue
Temple:   eino_temple_water
Orc:1:    basic_altar
Orc:2:    st_orc_elflike, uniq_donald
Ossuary:  ossuary_due_pyramid

Skill      XL: |  1  2  3  4  5  6  7  8  9 10 11 12 13 |
---------------+----------------------------------------+-----
Crossbows      | 4 7 8 9 10 14 15 | 15.7
Invocations    | 6 8 |  8.0
Evocations     | 8 |  8.0
Fighting       | 3 4 5 |  5.8
Armour         | 2 5 7 |  7.7
Dodging        | 6 9 |  9.0
Axes           | |  1.0
Shields        | |  1.0

Action                   |  1- 3 |  4- 6 |  7- 9 | 10-12 | 13-15 || total
-------------------------+-------+-------+-------+-------+-------++-------
Melee: Hand axe          |    13 |       |       |       |       ||    13
       Dagger            |       |       |   223 |    72 |       ||   295
       Mace              |       |       |       |   165 |       ||   165
 Fire: Hand crossbow     |    77 |   122 |   522 |   533 |       ||  1254
       Arbalest          |       |       |       |   342 |   145 ||   487
       Blowgun           |       |       |       |     1 |       ||     1
Invok: Heroism           |       |       |     1 |     8 |     2 ||    11
       Finesse           |       |       |       |     2 |     1 ||     3
Evoke: Wand              |       |       |       |    19 |       ||    19
       Lamp of fire      |       |       |       |     1 |       ||     1
  Use: Potion            |       |       |     1 |     9 |       ||    10
       Scroll            |       |       |    17 |       |       ||    17
 Stab: Invisible         |       |       |       |     2 |       ||     2
  Eat: Ration            |       |       |     2 |     6 |       ||     8
Armor: Robe              |       |     3 |     9 |       |       ||    12
       Storm dragon scal |       |       |   134 |   275 |    22 ||   431
Dodge: Dodged            |    21 |    16 |   156 |   402 |    25 ||   620
Block: Buckler           |       |       |       |    51 |       ||    51

Table legend:
 A = Spawn XP
 B = Non-spawn XP
 C = Spawn XP percentage of total XP
 D = Spawn monster count
 E = Non-spawn monster count
 F = Spawn count percentage of total count
 G = Total turns spent on level
                    A         B        C        D         E        F      G
               +---------+---------+-------+---------+---------+-------+---------
         Total |       0 |   48913 |   0.0 |       0 |     537 |   0.0 | 18852
               +---------+---------+-------+---------+---------+-------+---------
           D:1 |       0 |      22 |   0.0 |       0 |      14 |   0.0 |   548
           D:2 |       0 |      78 |   0.0 |       0 |      30 |   0.0 |  1084
           D:3 |       0 |     492 |   0.0 |       0 |      42 |   0.0 |   839
           D:4 |       0 |     669 |   0.0 |       0 |      26 |   0.0 |  1822
           D:5 |       0 |    1333 |   0.0 |       0 |      25 |   0.0 |  1158
           D:6 |       0 |    1453 |   0.0 |       0 |      36 |   0.0 |  1254
           D:7 |       0 |     698 |   0.0 |       0 |      23 |   0.0 |   864
           D:8 |       0 |    1492 |   0.0 |       0 |      29 |   0.0 |  1065
           D:9 |       0 |    2980 |   0.0 |       0 |      37 |   0.0 |  1329
          D:10 |       0 |    5718 |   0.0 |       0 |      47 |   0.0 |  1983
          D:11 |       0 |    4836 |   0.0 |       0 |      31 |   0.0 |  1278
          D:12 |       0 |    4313 |   0.0 |       0 |      34 |   0.0 |   780
          D:13 |       0 |    8230 |   0.0 |       0 |      32 |   0.0 |   566
         Orc:1 |       0 |    3223 |   0.0 |       0 |      35 |   0.0 |  1756
         Orc:2 |       0 |   13286 |   0.0 |       0 |      61 |   0.0 |  2002
       Ossuary |       0 |      90 |   0.0 |       0 |      35 |   0.0 |   447
               +---------+---------+-------+---------+---------+-------+---------
